 Dungeon Crawl Stone Soup version 0.26-a0-110-g95b6527cb0 (webtiles) character file.

Game seed: 5049873224096546398

99 Gargoyl the Skirmisher (level 4, -7/38 HPs)
             Began as a Centaur Abyssal Knight on June 23, 2020.
             Was a Follower of Lugonu.
             Mangled by a gnoll
             ... wielding a +0 halberd
              (9 damage)
             ... on level 3 of the Dungeon.
             The game lasted 00:03:22 (2926 turns).

Gargoyl the Skirmisher (Centaur Abyssal Knight)     Turns: 2926, Time: 00:03:22

Health: -7/38      AC: 11    Str: 14    XL:     4   Next: 45%
Magic:  5/5        EV:  3    Int: 11    God:    Lugonu [*.....]
Gold:   159        SH:  3    Dex: 10    Spells: 3/3 levels left

rFire    + . .     SeeInvis .   a - +1 hand axe
rCold    . . .     Faith    .   e - +0 buckler
rNeg     . . .     Spirit   .   m - +2 chain mail {rF+}
rPois    .         Reflect  .   l - +0 helmet
rElec    .         Harm     .   (no cloak)
rCorr    .                      i - +0 pair of gloves
MR       .....                  (no barding)
Stlth    ..........             (no amulet)
HPRegen  0.12/turn              (no ring)
MPRegen  0.09/turn              (no ring)

@: very quick
A: large, hooves 3, deformed body, speed 2, tough skin 3
a: Depart the Abyss, Renounce Religion


You were on level 3 of the Dungeon.
You worshipped Lugonu.
Lugonu was aware of your devotion.
You were hungry.

You visited 1 branch of the dungeon, and saw 3 of its levels.
You visited the Abyss 1 time.

You collected 159 gold pieces.

Inventory:

Hand Weapons
 a - a +1 hand axe (weapon)
Armour
 e - a +0 buckler (worn)
 i - a +0 pair of gloves (worn)
 l - a +0 helmet (worn)
 m - a +2 chain mail of fire resistance (worn)
Scrolls
 g - a scroll of identify
 h - 5 scrolls of magic mapping
Potions
 b - 2 potions of curing
 j - a potion of degeneration {unknown}
 k - 2 potions of heal wounds {unknown}
Comestibles
 c - 10 rations


   Skills:
 + Level 3.5 Fighting
 + Level 2.7 Axes
 * Level 2.0 Armour
 + Level 1.0 Dodging
 * Level 0.6 Shields
 * Level 2.6 Invocations


You had 3 spell levels left.
You didn't know any spells.
Your spell library was empty.

Dungeon Overview and Level Annotations

Branches:
Dungeon (3/15)

Altars:


Innate Abilities, Weirdness & Mutations

You have hooves in place of feet.
Armour fits poorly on your strangely shaped body.
You cover ground very quickly.
You have extremely tough skin. (AC +3)


Message History

Unknown command.
You closely miss the gnoll.
The gnoll is lightly wounded.
You hit the gnoll. The gnoll hits you but does no damage.
The gnoll hits you with a +0 halberd! The gnoll hits you but does no damage.
The gnoll hits you from afar with a +0 spear.
Unknown command.
You hit the gnoll.
The gnoll is heavily wounded.
You hit the gnoll. The gnoll hits you with a +0 whip.
The gnoll hits you with a +0 halberd!
* * * LOW HITPOINT WARNING * * *
You block the gnoll's attack.
You hit the gnoll.
The gnoll is severely wounded.
You hit the gnoll. The gnoll barely misses you.
The gnoll hits you from afar with a +0 spear.
* * * LOW HITPOINT WARNING * * *
The gnoll hits you with a +0 halberd!
You die...

###..g# ###.# #.#
# #.# #.#####.####
#.........(###
####...........
#gg5....>...... #
#@##g#####.###.
#####.#<##.#####.#
........g....[...#
##########.#####..
#># ... .#.. . .##
## ##


You could see 3 gnolls and a crimson imp.

Vanquished Creatures
  Ijyb (D:3)
  A gnoll (D:2)
  An ooze (D:2)
  2 worms (D:2)
  6 dart slugs
  A leopard gecko (D:1)
  A ball python (D:2)
  A giant cockroach (D:1)
  6 goblins
  2 hobgoblins (D:2)
  2 quokkas (D:2)
  5 bats
  3 frilled lizards
  4 kobolds
  8 rats
44 creatures vanquished.

Notes
Turn   | Place    | Note
-------+----------+-------------------------------------------
     0 | Abyss:1  | Gargoyl the Centaur Abyssal Knight began the quest for the
                  | Orb.
     0 | Abyss:1  | Reached XP level 1. HP: 19/19 MP: 2/2
    39 | Abyss:1  | Found a corrupted altar of Lugonu.
    96 | Abyss:1  | Noticed a small abomination
   108 | Abyss:1  | Noticed a small abomination
   135 | Abyss:1  | Found a corrupted altar of Lugonu.
   192 | Abyss:1  | Noticed an efreet
   198 | Abyss:1  | Noticed a small abomination
   216 | D:1      | Escaped the Abyss
   282 | D:1      | Reached * piety under Lugonu
   305 | D:1      | Reached XP level 2. HP: 18/26 MP: 3/3
  1259 | D:2      | Reached XP level 3. HP: 31/31 MP: 4/4
  2427 | D:3      | Noticed Ijyb
  2452 | D:3      | Killed Ijyb
  2452 | D:3      | Reached skill level 1 in Dodging
  2452 | D:3      | Reached XP level 4. HP: 35/38 MP: 5/5
  2926 | D:3      | Mangled by a gnoll

Illustrated notes

Levels and vault maps discovered:
D:1:      roderic_crossed_star, layout_loops_ring, minmay_misc_feat_doors
D:2:      layout_loops_ring, serial_rivers, chequers_serial_rivers_small_3,
          chequers_serial_rivers_room_a, chequers_serial_rivers_micro_e,
          chequers_serial_rivers_large_a, chequers_serial_rivers_micro_d
D:3:      layout_loops_ring, gup_sewer_entry_bubbles,
          nicolae_tso_carved_into_rock, uniq_ijyb

Skill      XL: |  1  2  3  4 |
---------------+-------------+-----
Axes           | 2 |  2.7
Dodging        | 1 |  1.0
Armour         | 2 |  2.0
Fighting       | |  3.5
Shields        | |  0.6
Invocations    | |  2.6

Action                   |  1- 3 |  4- 6 || total
-------------------------+-------+-------++-------
Melee: Hand axe          |   133 |    26 ||   159
       Kick              |    29 |     5 ||    34
Invok: Depart the Abyss  |     1 |       ||     1
  Use: Scroll            |     3 |       ||     3
  Eat: Chunk             |     3 |     1 ||     4
Armor: Leather armour    |    24 |       ||    24
       Scale mail        |    27 |       ||    27
       Chain mail        |    25 |    38 ||    63
Dodge: Dodged            |    41 |    14 ||    55
Block: Buckler           |    11 |     4 ||    15

Table legend:
 A = Non-vault XP
 B = Vault XP
 C = Vault XP percentage of total XP
 D = Non-vault monster count
 E = Vault monster count
 F = Vault count percentage of total count
                 A         B        C        D         E       F
            +---------+---------+-------+---------+---------+-------
      Total |     106 |      36 |  25.4 |      43 |       1 |   2.3
            +---------+---------+-------+---------+---------+-------
        D:1 |      35 |       0 |   0.0 |      20 |       0 |   0.0
        D:2 |      69 |       0 |   0.0 |      22 |       0 |   0.0
        D:3 |       2 |      36 |  94.7 |       1 |       1 |  50.0
            +---------+---------+-------+---------+---------+-------
